 Dungeon Crawl Stone Soup version 0.29-a0-284-gf9362112df (webtiles) character file.

Game seed: 3829680180388101257

2 spaghetti the Sneak (level 1, -2/13 HPs)
             Began as a Deep Elf Delver on Mar 25, 2022.
             Slain by an iguana (7 damage)
             ... on level 4 of the Dungeon.
             The game lasted 00:00:34 (140 turns).

spaghetti the Sneak (Deep Elf Delver)                Turns: 140, Time: 00:00:35

Health: -2/13      AC:  3    Str:  9    XL:     1   Next: 25%
Magic:  3/3        EV: 12    Int: 14    God:
Gold:   39         SH:  0    Dex: 16    Spells: 0/0 levels left

rFire   . . .      SeeInvis .   a - +0 short sword {short}
rCold   . . .      Faith    .   (no shield)
rNeg    . . .      Spirit   .   b - +0 leather armour
rPois   .          Reflect  .   (no helmet)
rElec   .          Harm     .   (no cloak)
rCorr   .          Rampage  .   (no gloves)
Will    +....                   (no boots)
Stlth   +++.......              (no amulet)
HPRegen 0.04/turn               i - ring of willpower
MPRegen 0.08/turn               (no ring)

@: no status effects
A: no striking features
a: no special abilities


You were on level 4 of the Dungeon.
You visited 1 branch of the dungeon, and saw 3 of its levels.

You collected 39 gold pieces.


   Skills:
 - Level 2.4 Fighting
 - Level 2.0 Short Blades
 - Level 2.4 Dodging
 + Level 6.1 Stealth


You couldn't memorise any spells.
You didn't know any spells.
Your spell library was empty.

Inventory:

Hand Weapons
 a - a +0 short sword (weapon) {short}
Armour
 b - a +0 leather armour (worn)
Jewellery
 i - a ring of willpower (left hand)
   (You found it on level 5 of the Dungeon)
Wands
 g - a wand of digging (3)
Scrolls
 c - a scroll of fog
 d - a scroll of magic mapping {!r}
 e - a scroll of fear
 h - a scroll of noise {unknown}
Potions
 f - a potion of haste {@q3}

Dungeon Overview and Level Annotations

Branches:
Dungeon (6/15)
 Temple: D:4-7

Altars:

Annotations:
D:5 exclusion: black bear

#. #.# ..# ..##
## ##..#########
#..#...........#
#............#
#..l@.......#
#..........#
#..........##
##.....>....#
#.......###.#
##....### #...##
#####


You could see an iguana.


Message History

🤖 Initializing magus.rc ...
Options error: Delay interrupt name "hungry" not recognised. (~/.crawlrc:4761) Options error: Bad monster_list_colour key: strict_neutral (~/.crawlrc:4776) ✅ Successfully initialized magus.rc [v1.9.6] Welcome, spaghetti the Deep Elf Delver.
You feel drawn to the Orb of Zot, downwards into the unfathomable depths...
Press ? for a list of commands and other information.
Found a stone staircase leading down.
h - a scroll labelled DYDDOJ PUIM
i - a ring of willpower
There are no items here.
A black bear comes into view.
i - a ring of willpower (left hand)
(D) Dungeon
Where to? (? - help)
There is a stone staircase leading down here.
You climb downwards.
There is a stone staircase leading up here.
An orc is nearby!
Unknown command.
Unknown command.
There is a stone staircase leading up here.
The helpless orc fails to defend itself.
You impale the orc!!
You kill the orc!
You now have 9 gold pieces.
An orc comes into view. It is wielding a +0 mace.
The orc shouts!
There is a stone staircase leading up here.
You climb upwards.
There is a stone staircase leading down here.
Unknown command.
Unknown command.
Press: ? - help, v - describe, . - travel
Here: a black bear (asleep)
The floor.
Placed new exclusion.
You now have 24 gold pieces (gained 15).
You now have 39 gold pieces (gained 15).
Found a stone staircase leading down.
Found a stone staircase leading up.
(D) Dungeon
Where to? (Enter - D:6, ? - help)
There is a stone staircase leading down here.
You climb downwards.
The orc shouts! x2
There is a stone staircase leading up here.
There are monsters nearby!
Unknown command.
Unknown command.
There are monsters nearby!
You climb upwards.
Level annotation: exclusion: black bear
There is a stone staircase leading down here.
There is a stone staircase leading up here.
You climb upwards.
There is a stone staircase leading down here.
The helpless iguana fails to defend itself.
You puncture the iguana!
The iguana hisses menacingly.
The iguana bites you. 😕 HP[-2]
You take 2 damage, and now have 11/13 hp.
Unknown command.
You closely miss the iguana. The iguana closely misses you.
You hit the iguana but do no damage. The iguana bites you.
* * * LOW HITPOINT WARNING * * *
😨 HP[-6]
You take 6 damage, and now have 5/13 hp.
MASSIVE DAMAGE!! (PAUSE)
You barely miss the iguana. The iguana bites you!
Ouch! That really hurt!
You die...

Action                   || total
-------------------------++-------
Melee: Short sword       ||     5
 Stab: Sleeping          ||     2
Dodge: Dodged            ||     1

Levels and vault maps discovered:
D:4:      layout_cave_pods, uniq_grinder
D:5:      layout_basic, lemuel_doored_altar
D:6:      layout_loops_ring, grunt_temple_overflow_lords_of_destruction,
          nicolae_uskayaw_suspiria, serial_rivers,
          chequers_serial_rivers_small_3, chequers_serial_rivers_micro_e,
          chequers_serial_rivers_micro_e, chequers_serial_rivers_small_b

Notes
Turn   | Place    | Note
-------+----------+-------------------------------------------
     0 | D:5      | spaghetti the Deep Elf Delver began the quest for the Orb.
     0 | D:5      | Reached XP level 1. HP: 13/13 MP: 3/3
     0 | D:5      | magus.rc [v1.9.6]
    34 | D:5      | Noticed a black bear
   126 | D:6      | Noticed an orc wizard
   133 | D:4      | Noticed an iguana
   140 | D:4      | Slain by an iguana

Vanquished Creatures
  An orc (D:6)
1 creature vanquished.

Table legend:
 A = Non-vault XP
 B = Vault XP
 C = Vault XP percentage of total XP
 D = Non-vault monster count
 E = Vault monster count
 F = Vault count percentage of total count
                 A         B        C        D         E       F
            +---------+---------+-------+---------+---------+-------
      Total |       3 |       0 |   0.0 |       1 |       0 |   0.0
            +---------+---------+-------+---------+---------+-------
        D:6 |       3 |       0 |   0.0 |       1 |       0 |   0.0
            +---------+---------+-------+---------+---------+-------

Illustrated notes

Table legend:
 A = Kills in this place as a percentage of kills in entire the game.
 B = Kills by you in this place as a percentage of kills by you in the entire game.
 C = Kills by friends in this place as a percentage of kills by friends in the entire game.
 D = Other kills in this place as a percentage of other kills in the entire game.
 E = Experience gained in this place as a percentage of experience gained in the entire game.
 F = Experience gained in this place divided by the number of levels of this place that you have seen.
                   A       B       C       D       E      F
               +-------+-------+-------+-------+-------+----------------------
         Total | 100.0 | 100.0 |   N/A |   N/A | 100.0 |   1.0
       Dungeon | 100.0 | 100.0 |   N/A |   N/A | 100.0 |   1.0
               +-------+-------+-------+-------+-------+----------------------

Table legend: (Time is in decaauts)
 A = Elapsed time spent in this place.
 B = Non-inter-level travel time spent in this place.
 C = Inter-level travel time spent in this place.
 D = Time resting spent in this place.
 E = Time spent auto-exploring this place.
 F = Levels seen in this place.
 G = Mean time per level.
                   A        B        C        D        E       F      G
               +--------+--------+--------+--------+--------+-----+--------+
         Total |    140 |    129 |     11 |      0 |     75 |   3 |   46.7 |
       Dungeon |    140 |    129 |     11 |      0 |     75 |   3 |   46.7 |
               +--------+--------+--------+--------+--------+-----+--------+

Top non-repeatable levels by time:
     D:5: 90 daAuts
     D:6: 43 daAuts
     D:4: 6 daAuts
